PBL
MADISON BREWERS @ ROSWELL INVADERS
09/14/2048
 
TOP OF THE 1ST
Madison Brewers batting - Pitching for Roswell Invaders : RHP Toshihiro Nagao
Pitching: RHP Toshihiro Nagao
Batting: LHB Andy Buschlen 0-0: Ball
1-0: Ball
2-0: Ball
3-0: Base on Balls
Batting: LHB Jesus Huante 0-0: Called Strike
0-1: Fly out, F8 (Line Drive, 8LM, EV 91.9 MPH)
Batting: LHB Bill Kovac 0-0: Foul Ball, location: 2F
0-1: Ball
1-1: Fly out, F7 (Flyball, 78M, EV 81.9 MPH)
Batting: RHB Mario Lopez 0-0: Called Strike
0-1: SINGLE (Groundball, 56D, EV 96.9 MPH)
Andy Buschlen to second
Batting: LHB Tony Hasbun 0-0: Swinging Strike
0-1: Ball
1-1: Ground out 4-3 (Groundball, 34D, EV 94.4 MPH)
Top of the 1st over - 0 runs, 1 hit, 0 errors, 2 left on base; Madison 0 - Roswell 0
BOTTOM OF THE 1ST
Roswell Invaders batting - Pitching for Madison Brewers : LHP Gil Sanchez
Pitching: LHP Gil Sanchez
Batting: LHB Jalen Williams 0-0: Foul Ball, location: 2F
0-1: Swinging Strike
0-2: Ball
1-2: Strikes out swinging
Batting: RHB Carlos Gonzalez 0-0: Swinging Strike
0-1: Fly out, F8 (Line Drive, 8LD, EV 96.9 MPH)
Batting: LHB Ivan Cortez 0-0: Ball
1-0: SINGLE (Flyball, 78S, EV 96.2 MPH)
Batting: LHB Angelo Lira 0-0: Ball
1-0: Ground out 1-3 (Groundball, 34S, EV 72.5 MPH)
Bottom of the 1st over - 0 runs, 1 hit, 0 errors, 1 left on base; Madison 0 - Roswell 0
TOP OF THE 2ND
Madison Brewers batting - Pitching for Roswell Invaders : RHP Toshihiro Nagao
Batting: RHB Dave Guevara 0-0: Ball
1-0: Ball
2-0: Ball
3-0: Called Strike
3-1: Called Strike
3-2: Base on Balls
Batting: RHB Malcolm McCauley 0-0: Called Strike
0-1: Ball
1-1: Ball
2-1: Reached on error, E5 (Groundball, 56S, EV 85.6 MPH)
Dave Guevara to second
Batting: RHB Gil Sanchez 0-0: Foul Ball, location: 2F
0-1: Called Strike
0-2: Ball
1-2: Fly out, F8 (Flyball, 8RM, EV 93.1 MPH)
Runner from 2nd tags up, SAFE at 3rd with throw by CF
Batting: RHB Kelan Rae 0-0: Ball
1-0: Ball
2-0: Ball
3-0: Called Strike
3-1: Fly out, F8 (Flyball, 8LD, EV 96.9 MPH)
Runner from 3rd tags up, SCORES, throw by CF
Batting: LHB Andy Buschlen 0-0: Ball
1-0: Called Strike
1-1: Ground out U3 (Groundball, 23, EV 95.0 MPH)
Top of the 2nd over - 1 run, 0 hits, 1 error, 1 left on base; Madison 1 - Roswell 0
BOTTOM OF THE 2ND
Roswell Invaders batting - Pitching for Madison Brewers : LHP Gil Sanchez
Batting: LHB Julio Zamora 0-0: Fly out, F8 (Flyball, 89D, EV 98.8 MPH)
Batting: RHB Jason Hanson 0-0: Ball
1-0: DOUBLE (Line Drive, 78D, EV 111.2 MPH)
Batting: LHB Adam Spence 0-0: Ball
1-0: Ground out 4-3 (Groundball, 4, EV 82.5 MPH)
Jason Hanson to third
Batting: LHB Andrew Moore 0-0: Ball
1-0: Foul Ball, location: 2F
1-1: Swinging Strike
1-2: Ball
2-2: SINGLE (Groundball, 56, EV 106.2 MPH)
Jason Hanson scores
Batting: RHB Benjie Alejandro 0-0: Ball
1-0: Fly out, F4 (Line Drive, 4, EV 71.9 MPH)
Bottom of the 2nd over - 1 run, 2 hits, 0 errors, 1 left on base; Madison 1 - Roswell 1
TOP OF THE 3RD
Madison Brewers batting - Pitching for Roswell Invaders : RHP Toshihiro Nagao
Batting: LHB Jesus Huante 0-0: Ball
1-0: Swinging Strike
1-1: Ball
2-1: Foul Ball, location: 2F
2-2: SINGLE (Line Drive, 4MD, EV 97.5 MPH)
Batting: LHB Bill Kovac 0-0: Ball
1-0: Ball
2-0: Reached on error, E5 (Groundball, 5, EV 80.0 MPH)
Jesus Huante to second
Batting: RHB Mario Lopez 0-0: Ball
1-0: Called Strike
1-1: Foul Ball, location: 2F
1-2: Ball
2-2: Strikes out looking
Batting: LHB Tony Hasbun 0-0: Ball
1-0: Foul Ball, location: 2F
1-1: Ball
2-1: Ball
3-1: Base on Balls
Jesus Huante to third
Bill Kovac to second
Batting: RHB Dave Guevara 0-0: Grounds into double play, 5-4-3 (Groundball, 56S, EV 79.4 MPH)
Top of the 3rd over - 0 runs, 1 hit, 1 error, 2 left on base; Madison 1 - Roswell 1
BOTTOM OF THE 3RD
Roswell Invaders batting - Pitching for Madison Brewers : LHP Gil Sanchez
Batting: LHB Jalen Williams 0-0: Ball
1-0: Swinging Strike
1-1: Ball
2-1: Foul Ball, location: 2F
2-2: Foul Ball, location: 2F
2-2: Strikes out swinging
Batting: RHB Carlos Gonzalez 0-0: Called Strike
0-1: Ball
1-1: Ball
2-1: Ball
3-1: Base on Balls
Batting: LHB Ivan Cortez 0-0: Ball
1-0: Fielders Choice at 2nd, 2-6 (Groundball, 2R, EV 67.5 MPH)
Batting: LHB Angelo Lira 0-0: Ball
1-0: Called Strike
1-1: SINGLE (Line Drive, 9S, EV 90.0 MPH)
Ivan Cortez to second
Runner from 2nd tries for 3rd, SAFE, throw by RF made to third
Batting: LHB Julio Zamora 0-0: Fly out, F8 (Flyball, 8RD, EV 96.9 MPH)
Bottom of the 3rd over - 0 runs, 1 hit, 0 errors, 2 left on base; Madison 1 - Roswell 1
TOP OF THE 4TH
Madison Brewers batting - Pitching for Roswell Invaders : RHP Toshihiro Nagao
Batting: RHB Malcolm McCauley 0-0: Called Strike
0-1: Called Strike
0-2: Fly out, F8 (Flyball, 78S, EV 96.2 MPH)
Batting: RHB Gil Sanchez 0-0: Called Strike
0-1: Foul Ball, location: 2F
0-2: Ball
1-2: Ball
2-2: Foul Ball, location: 2F
2-2: Foul Ball, location: 2F
2-2: Strikes out swinging
Batting: RHB Kelan Rae 0-0: Called Strike
0-1: Ground out 4-3 (Groundball, 4MS, EV 85.0 MPH)
Top of the 4th over - 0 runs, 0 hits, 0 errors, 0 left on base; Madison 1 - Roswell 1
BOTTOM OF THE 4TH
Roswell Invaders batting - Pitching for Madison Brewers : LHP Gil Sanchez
Batting: RHB Jason Hanson 0-0: Ball
1-0: Ball
2-0: Ball
3-0: Base on Balls
Batting: LHB Adam Spence 0-0: Ball
1-0: Called Strike
1-1: Ball
2-1: Swinging Strike
2-2: Ball
3-2: Base on Balls
Jason Hanson to second
Batting: LHB Andrew Moore 0-0: Foul Ball, location: 2F
0-1: Ball
1-1: Ball
2-1: Ball
3-1: Foul Ball, location: 2F
3-2: Grounds into double play, 4-6-3 (Groundball, 34, EV 105.0 MPH)
Jason Hanson to third
Batting: RHB Benjie Alejandro 0-0: Ground out 6-3 (Groundball, 6, EV 86.9 MPH)
Bottom of the 4th over - 0 runs, 0 hits, 0 errors, 1 left on base; Madison 1 - Roswell 1
TOP OF THE 5TH
Madison Brewers batting - Pitching for Roswell Invaders : RHP Toshihiro Nagao
Batting: LHB Andy Buschlen 0-0: Ball
1-0: Ball
2-0: Called Strike
2-1: Bunted foul
2-2: Ball
3-2: Foul Ball, location: 2F
3-2: Base on Balls
Batting: LHB Jesus Huante 0-0: Called Strike
0-1: Fly out, F8 (Flyball, 8RD, EV 107.5 MPH)
Batting: LHB Bill Kovac Pickoff Throw to First - Error! E1
Andy Buschlen to second
0-0: Ball
1-0: Called Strike
1-1: Ball
2-1: Called Strike
2-2: Strikes out swinging
Batting: RHB Mario Lopez 0-0: Fly out, F7 (Flyball, 7, EV 78.1 MPH)
Top of the 5th over - 0 runs, 0 hits, 1 error, 1 left on base; Madison 1 - Roswell 1
BOTTOM OF THE 5TH
Roswell Invaders batting - Pitching for Madison Brewers : LHP Gil Sanchez
Batting: LHB Jalen Williams 0-0: Ball
1-0: SINGLE (Groundball, 5D, EV 101.9 MPH)
Batting: RHB Carlos Gonzalez 0-0: Ball
1-0: Ball
2-0: Called Strike
2-1: Swinging Strike
2-2: Foul Ball, location: 2F
2-2: Fly out, F9 (Flyball, 9D, EV 110.0 MPH)
Batting: LHB Ivan Cortez 0-0: SINGLE (Groundball, 34D, EV 102.5 MPH)
Jalen Williams to second
Runner from 2nd tries for 3rd, SAFE, throw by RF made to third
Batting: LHB Angelo Lira 0-0: Ball
1-0: Swinging Strike
1-1: Foul Ball, location: 2F
1-2: Ball
2-2: Strikes out swinging
Batting: LHB Julio Zamora 0-0: Ball
1-0: Swinging Strike
1-1: Foul Ball, location: 2F
1-2: Strikes out swinging
Bottom of the 5th over - 0 runs, 2 hits, 0 errors, 2 left on base; Madison 1 - Roswell 1
TOP OF THE 6TH
Madison Brewers batting - Pitching for Roswell Invaders : RHP Toshihiro Nagao
Batting: LHB Tony Hasbun 0-0: Called Strike
0-1: Foul Ball, location: 2F
0-2: Ball
1-2: Fly out, F8 (Flyball, 8LXD, EV 100.0 MPH)
Batting: RHB Dave Guevara 0-0: SINGLE (Groundball, 6D, EV 95.0 MPH)
Batting: RHB Malcolm McCauley 0-0: Called Strike
0-1: Foul Ball, location: 2F
0-2: Ball
1-2: Ground out 4-3 (Groundball, 4S, EV 71.9 MPH)
Dave Guevara to second
Batting: RHB Gil Sanchez 0-0: Ball
1-0: Foul Ball, location: 2F
1-1: Ball
2-1: Swinging Strike
2-2: Strikes out swinging
Top of the 6th over - 0 runs, 1 hit, 0 errors, 1 left on base; Madison 1 - Roswell 1
BOTTOM OF THE 6TH
Roswell Invaders batting - Pitching for Madison Brewers : LHP Gil Sanchez
Batting: RHB Jason Hanson 0-0: TRIPLE (Groundball, 3L, EV 105.0 MPH)
Batting: LHB Adam Spence 0-0: Called Strike
0-1: Ball
1-1: Foul Ball, location: 2F
1-2: Foul Ball, location: 2F
1-2: Ball
2-2: Ball
3-2: Base on Balls
Pitching: RHP Angel Pacheco
Batting: LHB Andrew Moore 0-0: Foul Ball, location: 2F
0-1: SINGLE (Groundball, 34D, EV 105.0 MPH)
Jason Hanson scores
Adam Spence to second
Runner from 2nd tries for 3rd, SAFE, throw by RF made to third
Batting: RHB Benjie Alejandro 0-0: Ball
1-0: Swinging Strike
1-1: Ball
2-1: Ball
3-1: SINGLE (Groundball, 4MD, EV 100.0 MPH)
Adam Spence scores
Andrew Moore to second
Batting: LHB Jalen Williams 0-0: Foul Ball, location: 2F
0-1: Foul Ball, location: 2F
0-2: Ball
1-2: Strikes out swinging
Batting: RHB Carlos Gonzalez 0-0: Foul Ball, location: 2F
0-1: Ball
1-1: Fly out, F4 (Line Drive, 4, EV 65.0 MPH)
Lined into DP, 4-6 (Line Drive, 4, EV 59.4 MPH)
Bottom of the 6th over - 2 runs, 3 hits, 0 errors, 1 left on base; Madison 1 - Roswell 3
TOP OF THE 7TH
Madison Brewers batting - Pitching for Roswell Invaders : RHP Toshihiro Nagao
Pinch Hitting: LHB Jose Simental 0-0: Ball
1-0: Ball
2-0: Swinging Strike
2-1: Ball
3-1: Called Strike
3-2: SINGLE (Line Drive, 3D, EV 95.0 MPH)
Batting: LHB Andy Buschlen 0-0: Called Strike
Jose Simental is caught stealing 2nd base 2-6
0-1: Ball
1-1: Ball
2-1: Ball
3-1: Foul Ball, location: 2F
3-2: Base on Balls
Pitching: RHP Daryl Blair
Batting: LHB Jesus Huante 0-0: Foul Ball, location: 2F
0-1: Foul Ball, location: 2F
0-2: Strikes out swinging
Batting: LHB Bill Kovac 0-0: Ball
1-0: Ball
2-0: Ball
3-0: Called Strike
3-1: Called Strike
3-2: Base on Balls
Andy Buschlen to second
Batting: RHB Mario Lopez 0-0: Ball
1-0: Ball
2-0: Ball
3-0: Called Strike
3-1: Called Strike
3-2: Strikes out swinging
Top of the 7th over - 0 runs, 1 hit, 0 errors, 2 left on base; Madison 1 - Roswell 3
BOTTOM OF THE 7TH
Roswell Invaders batting - Pitching for Madison Brewers : RHP Angel Pacheco
Pitching: LHP Ramiro Lunas
Now at SS: Jose Simental
Batting: LHB Ivan Cortez 0-0: Called Strike
0-1: Ball
1-1: Ball
2-1: Ball
3-1: SOLO HOME RUN (Flyball, 9D, EV 98.1 MPH), Distance : 399 ft
Batting: LHB Angelo Lira 0-0: Ball
1-0: Foul Ball, location: 2F
1-1: Ball
2-1: Ball
3-1: Called Strike
3-2: Foul Ball, location: 2F
3-2: Base on Balls
Pinch Hitting: LHB Falco van Koeveringe 0-0: Ball
1-0: Ball
2-0: Ball
3-0: Base on Balls
Angelo Lira to second
Pitching: RHP Ernie Borden
Batting: RHB Jason Hanson 0-0: Ball
1-0: Called Strike
1-1: Called Strike
1-2: Foul Ball, location: 2F
1-2: Strikes out swinging
Batting: LHB Adam Spence 0-0: Called Strike
0-1: Called Strike
0-2: Foul Ball, location: 2F
0-2: Ball
1-2: Ball
2-2: Ball
Wild Pitch!
Angelo Lira to third
Falco van Koeveringe to second
3-2: Strikes out swinging
Batting: LHB Andrew Moore 0-0: Intentional Walk
Batting: RHB Benjie Alejandro 0-0: SINGLE (Groundball, 56D, EV 96.2 MPH)
Angelo Lira scores
Falco van Koeveringe to third
Andrew Moore to second
Runner from 3rd tries for Home, SAFE, throw by LF to home
Batting: LHB Jalen Williams 0-0: Ball
1-0: Ball
2-0: Ball
3-0: Called Strike
3-1: Fly out, F8 (Line Drive, 8LD, EV 90.6 MPH)
Bottom of the 7th over - 3 runs, 2 hits, 0 errors, 2 left on base; Madison 1 - Roswell 6
TOP OF THE 8TH
Madison Brewers batting - Pitching for Roswell Invaders : RHP Daryl Blair
Now in RF: Drew Sigona
Batting: LHB Tony Hasbun 0-0: Swinging Strike
0-1: Swinging Strike
0-2: Foul Ball, location: 2F
0-2: Foul Ball, location: 2F
0-2: Ball
1-2: Strikes out swinging
Pinch Hitting: LHB Danny Roberts 0-0: Called Strike
0-1: Ball
1-1: Ground out 4-3 (Groundball, 4, EV 89.4 MPH)
Pinch Hitting: RHB Tristan Smeets 0-0: Ball
1-0: Foul Ball, location: 2F
1-1: Called Strike
1-2: Ball
2-2: Ball
3-2: SINGLE (Groundball, 25, EV 71.9 MPH) (infield hit)
Batting: LHB Moriaki Saito 0-0: Ball
1-0: Ball
2-0: Called Strike
2-1: Called Strike
2-2: Ball
3-2: Base on Balls
Tristan Smeets to second
Batting: LHB Jose Simental 0-0: Foul Ball, location: 2F
0-1: Ball
1-1: Foul Ball, location: 2F
1-2: Ball
2-2: Strikes out swinging
Top of the 8th over - 0 runs, 1 hit, 0 errors, 2 left on base; Madison 1 - Roswell 6
BOTTOM OF THE 8TH
Roswell Invaders batting - Pitching for Madison Brewers : RHP Ernie Borden
Now at 3B: Noah Peek
Now in CF: Sammar Wambugu
Batting: RHB Carlos Gonzalez 0-0: Called Strike
0-1: Swinging Strike
0-2: Ball
1-2: Strikes out looking
Batting: LHB Ivan Cortez 0-0: Called Strike
0-1: Ball
1-1: Fly out, F8 (Line Drive, 8LD, EV 88.1 MPH)
Batting: LHB Angelo Lira 0-0: Ball
1-0: Called Strike
1-1: Ball
2-1: Ball
3-1: Foul Ball, location: 2F
3-2: Strikes out swinging
Bottom of the 8th over - 0 runs, 0 hits, 0 errors, 0 left on base; Madison 1 - Roswell 6
TOP OF THE 9TH
Madison Brewers batting - Pitching for Roswell Invaders : RHP Daryl Blair
Batting: LHB Andy Buschlen 0-0: Foul Ball, location: 2F
0-1: Ball
1-1: Foul Ball, location: 2F
1-2: Ball
2-2: Foul Ball, location: 2F
2-2: Ball
3-2: SOLO HOME RUN (Flyball, 89XD, EV 107.5 MPH), Distance : 422 ft
Batting: LHB Jesus Huante 0-0: Foul Ball, location: 2F
0-1: Ball
1-1: Ball
2-1: Ball
3-1: Fly out, F9 (Flyball, 89M, EV 81.9 MPH)
Pitching: RHP Sergio Reyes
Batting: LHB Bill Kovac 0-0: Ball
1-0: Foul Ball, location: 2F
1-1: Ground out U3 (Groundball, 34, EV 78.8 MPH)
Batting: RHB Mario Lopez 0-0: Fly out, F9 (Flyball, 89M, EV 81.2 MPH)
Top of the 9th over - 1 run, 1 hit, 0 errors, 0 left on base; Madison 2 - Roswell 6
Tuesday, March 28th , 2023 - OOTP Baseball 23.10 Build 110